 Dungeon Crawl Stone Soup version 0.19-a0-749-g66ae36b (webtiles) character file.

3113 Implojin the Grappler (level 9, -6/80 HPs)
             Began as a Troll Fighter on June 24, 2016.
             Was an Elder of Okawaru.
             Killed by divine providence
             ... invoked by an orc priest
              (16 damage)
             ... on level 8 of the Dungeon.
             The game lasted 00:08:01 (1093 turns).

Implojin the Grappler (Troll Fighter)               Turns: 1093, Time: 00:08:02

Health: -6/80      AC:  5    Str: 26    XL:     9   Next: 60%
Magic:  5/8        EV: 13    Int:  4    God:    Okawaru [****..]
Gold:   33         SH: 11    Dex: 12    Spells: 0 memorised, 8 levels left

rFire  . . .     SeeInvis .       - Unarmed
rCold  . . .     Gourm    +     a - +0 robe
rNeg   . . .     Faith    .     b - +0 shield
rPois  .         Spirit   .     (helmet restricted)
rElec  .         Dismiss  .     (no cloak)
rCorr  .         Reflect  .     (gloves unavailable)
SustAt .         Harm     .     (boots unavailable)
MR     .....                    (no amulet)
Stlth  ++........               (no ring)
                                (no ring)

@: heroism, not resistant to hostile enchantments, unstealthy
A: unfitting armour, claws 3, fast metabolism 3, gourmand, regeneration 2,
shaggy fur 1, tough skin 2
a: Heroism, Renounce Religion


You were on level 8 of the Dungeon.
You worshipped Okawaru.
Okawaru was greatly pleased with you.
You were completely stuffed.

You visited 1 branch of the dungeon, and saw 9 of its levels.

You collected 82 gold pieces.
You spent 49 gold pieces at shops.

Inventory:

Armour
 a - a +0 robe (worn)
 b - a +0 shield (worn)
Wands
 i - a wand of lightning (0/15)
 q - a wand of flame (17/48)
Scrolls
 h - a scroll of enchant weapon
 m - a scroll of identify
 n - 2 scrolls of magic mapping
Potions
 e - a potion of flight
 j - 2 potions of brilliance
 k - a potion of lignification
Books
 l - a book of the Sky

   Spells                             Type                      Level
   a - Summon Lightning Spire         Summoning/Air                4
   b - Airstrike                      Air                          4
   c - Silence                        Hexes/Air                    5
   d - Deflect Missiles               Charms/Air                   6
   e - Conjure Ball Lightning         Conjuration/Air              6
   f - Tornado                        Air                          9
Comestibles
 c - 7 chunks of flesh
 d - 2 bread rations
 p - a meat ration


   Skills:
 - Level 2.4(7.4) Fighting
 - Level 2.4(7.4) Dodging
 - Level 2.4(7.4) Shields
 * Level 13.2(18.2) Unarmed Combat


You had 8 spell levels left.
You didn't know any spells.

Dungeon Overview and Level Annotations

Branches:
Dungeon (9/15)
 Temple: D:4-7         Lair: D:8-11         Orc: D:9-12

Altars:
Elyvilon
Okawaru

Shops:
D:9 *[:


Innate Abilities, Weirdness & Mutations

You are too large for most types of armour.
You have claws for hands.
Your metabolism is lightning-fast.
You like to eat raw meat.
You heal very quickly.
You are covered in fur. (AC +1)
You have very tough skin. (AC +2)


Message History

You smack the vampire!
The vampire is moderately damaged.
You pummel the vampire!!
You destroy the vampire!
Okawaru accepts your kill.
Your base Unarmed Combat skill increases to level 13!
You feel less woody.
Your +0 robe unmelds from your body.
Unknown command.
The orc knight roars a battlecry!
The orcs go into a battle-frenzy!
The orc priest invokes the aid of Beogh against you.
Beogh smites you!
* * * LOW HITPOINT WARNING * * *
You block the giant frog zombie's attack.
Okay, then.
The orc priest looks braver for a moment.
Okay, then.
You block the giant frog zombie's attack.
An ogre comes into view. It is wielding a giant spiked club.
The ogre shouts!
You feel like a meek peon again. The giant frog zombie misses you.
You gain the combat prowess of a mighty hero.
The ogre hits you with a giant spiked club!!
* * * LOW HITPOINT WARNING * * *
The orc priest casts a cantrip, but nothing happens.
You block the giant frog zombie's attack.
Unknown command.
You eviscerate the ogre!!!
You kill the ogre!
Okawaru accepts your kill.
You block the giant frog zombie's attack.
Things that are here:
a giant spiked club; an ogre corpse The giant frog zombie hits you.
* * * LOW HITPOINT WARNING * * *
The orc priest calls down the wrath of Beogh upon you.
Beogh smites you!
You die...

#....# ......... .. .#
#.......## #. #.###
##.#.#.## #. #.#.. .. ....
#.# #.#.# . .# .. ### #.#
#.#.# .. ##.##.[ ###.#
#.#.# #..#..##.#######.#.#
# #.###....@..z.Zoo#.# #.#
#>.#..##.#######o#.## #..
##...###.#######..oz######
#.....P....(..)....o..o..
#....≈≈≈≈≈≈≈≈≈≈≈≈≈≈≈≈≈≈).
#....≈≈≈≈≈≈≈≈≈≈≈≈≈≈≈≈≈≈≈o
#....≈≈#####≈≈≈≈≈≈≈o≈≈≈≈.
#....≈≈#.oo#.............
#....≈≈#...#############'


You could see an orc knight, a wight, an orc priest, an orc and a giant frog
zombie.

Vanquished Creatures
  An orc warlord (D:8)
  Grinder (D:6)
  A vampire (D:8)
  4 wargs (D:8)
  3 orc warriors (D:8)
  A black bear (D:7)
  3 ogres
  A giant frog (D:8)
  A scorpion (D:7)
  4 wights
  An orc priest (D:5)
  A hound (D:3)
  2 orc wizards (D:5)
  An iguana (D:7)
  A worker ant (D:6)
  A hound zombie (D:9)
  3 gnolls (D:8)
  3 adders
  An ooze (D:2)
  An adder skeleton (D:7)
  A worm (D:3)
  A giant gecko (D:4)
  5 orcs
  3 jackals (D:1)
  A bat (D:2)
  A giant newt (D:2)
  A kobold (D:1)
  2 rats
50 creatures vanquished.

Notes
Turn   | Place    | Note
--------------------------------------------------------------
     0 | D:1      | Implojin the Troll Fighter began the quest for the Orb.
     0 | D:1      | Reached XP level 1. HP: 22/22 MP: 0/0
   133 | D:2      | Reached XP level 2. HP: 29/29 MP: 1/1
   159 | D:2      | Reached skill level 3 in Unarmed Combat
   413 | D:3      | Reached skill level 4 in Unarmed Combat
   413 | D:3      | Reached XP level 3. HP: 36/36 MP: 2/2
   473 | D:4      | Found an iron altar of Okawaru.
   480 | D:4      | Became a worshipper of Warmaster Okawaru
   515 | D:5      | Entered Level 5 of the Dungeon
   525 | D:5      | Reached XP level 4. HP: 36/44 MP: 3/3
   529 | D:5      | Reached skill level 5 in Unarmed Combat
   539 | D:5      | Reached XP level 5. HP: 37/50 MP: 4/4
   604 | D:6      | Reached * piety under Okawaru
   611 | D:6      | Noticed Grinder
   612 | D:6      | Paralysed by Grinder for 3 turns
   621 | D:6      | Paralysed by Grinder for 4 turns
   627 | D:6      | Killed Grinder
   627 | D:6      | Reached skill level 6 in Unarmed Combat
   627 | D:6      | Reached XP level 6. HP: 26/59 MP: 2/5
   664 | D:7      | Reached skill level 7 in Unarmed Combat
   718 | D:7      | Found a white marble altar of Elyvilon.
   735 | D:7      | Reached XP level 7. HP: 55/66 MP: 3/6
   747 | D:7      | Reached skill level 8 in Unarmed Combat
   774 | D:7      | Reached ** piety under Okawaru
   834 | D:9      | Found Tijoqaujusch's General Store.
   849 | D:9      | Bought a scroll of magic mapping for 49 gold pieces
   862 | D:9      | Found Vaoz's Antique Armour Shop.
   865 | D:9      | Found Zius's Book Shop.
   873 | D:9      | Reached skill level 9 in Unarmed Combat
   962 | D:8      | Reached XP level 8. HP: 33/74 MP: 4/7
   980 | D:8      | Reached skill level 10 in Unarmed Combat
   985 | D:8      | Reached *** piety under Okawaru
  1008 | D:8      | Noticed an orc warlord
  1037 | D:8      | Killed an orc warlord
  1037 | D:8      | Reached **** piety under Okawaru
  1037 | D:8      | Reached skill level 12 in Unarmed Combat
  1037 | D:8      | Reached XP level 9. HP: 80/80 MP: 4/8
  1076 | D:8      | Noticed an orc knight
  1078 | D:8      | Reached skill level 13 in Unarmed Combat
  1093 | D:8      | Killed from afar by an orc priest

Vault maps used:
D:1:      lightli_arrival_statue_moat
D:2:      first_bread, kennysheep_pointless_box
D:3:      serial_bayou_lagoon_b
D:4:      kennysheep_little_box, serial_shops, shop, kennysheep_crisscross,
          uniq_menkaure, uniq_crazy_yiuf_cottage
D:5:      lemuel_round_altar, uniq_prince_ribbit1
D:6:      lemuel_coloured_pillars_altar, minmay_misc_feat_enclosed, uniq_grinder
D:7:      minitemple, elyvilon_altar_5
D:8:      lemuel_castle_with_subvaults
D:9:      orc_0_dummy, serial_shops, shop, nicolae_shop_waterfront,
          nicolae_shop_waterfront, shop,
          nicolae_shop_temple_entry_statues_fountains, hangedman_pestilent_swarm

Skill      XL: |  1  2  3  4  5  6  7  8  9 |
---------------+----------------------------+-----
Unarmed Combat | 4 5 6 7 9 12 13 | 13.2
Fighting       | |  2.4
Dodging        | |  2.4
Shields        | |  2.4

Action                   |  1- 3 |  4- 6 |  7- 9 || total
-------------------------+-------+-------+-------++-------
Melee: Unarmed           |    47 |    38 |    81 ||   166
Invok: Heroism           |       |     3 |     7 ||    10
Evoke: Wand              |       |       |     8 ||     8
  Use: Potion            |     1 |       |     3 ||     4
       Scroll            |       |       |     7 ||     7
  Eat: Chunk             |     5 |     7 |     4 ||    16
Armor: Robe              |    15 |     4 |    10 ||    29
       Skin              |       |       |     7 ||     7
Dodge: Dodged            |    24 |     5 |    17 ||    46
Block: Shield            |    22 |    14 |    32 ||    68

Table legend:
 A = Turns spent in this place as a percentage of turns spent in the entire game.
 B = Non-inter-level travel turns spent in this place as a percentage of non-inter-level travel turns spent in the entire game.
 C = Inter-level travel turns spent in this place as a percentage of turns spent in this place.
 D = Turns resting spent in this place as a percentage of non-inter-level travel turns spent in this place.
 E = Turns spent auto-exploring this place as a percentage of non-inter-level travel turns spent in this place.
 F = Non-inter-level travel turns spent in this place divided by the number of levels of this place that you've seen.
                   A       B       C       D       E      F
               +-------+-------+-------+-------+-------+----------------------
         Total | 100.0 | 100.0 |   0.0 |   0.2 |   0.0 | 121.8
       Dungeon | 100.0 | 100.0 |   0.0 |   0.2 |   0.0 | 121.8
               +-------+-------+-------+-------+-------+----------------------

Table legend:
 A = Kills in this place as a percentage of kills in entire the game.
 B = Kills by you in this place as a percentage of kills by you in the entire game.
 C = Kills by friends in this place as a percentage of kills by friends in the entire game.
 D = Other kills in this place as a percentage of other kills in the entire game.
 E = Experience gained in this place as a percentage of experience gained in the entire game.
 F = Experience gained in this place divided by the number of levels of this place that you have seen.
                   A       B       C       D       E      F
               +-------+-------+-------+-------+-------+----------------------
         Total | 100.0 | 100.0 |  -nan |  -nan | 100.0 | 494.2
       Dungeon | 100.0 | 100.0 |  -nan |  -nan | 100.0 | 494.2
               +-------+-------+-------+-------+-------+----------------------
